 Dungeon Crawl Stone Soup version 0.17-a0-744-gaa96792 (webtiles) character file.

94 oplop the Digger (level 4, -8/26 HPs)
             Began as a Gargoyle Earth Elementalist on Apr 21, 2015.
             Mangled by an iron imp (10 damage)
             ... summoned by Natasha
             ... on level 3 of the Dungeon.
             The game lasted 00:05:12 (2102 turns).

oplop the Digger (Gargoyle Earth Elementalist)      Turns: 2102, Time: 00:05:13

Health: -8/26      AC:  4    Str: 12    XL:     4   Next: 63%
Magic:  9/9        EV: 12    Int: 16    God:
Gold:   102        SH:  0    Dex: 10    Spells: 1 memorised, 8 levels left

rFire  . . .     SeeInvis .     i - +2 short sword (vamp)
rCold  . . .     Clarity  .     b - +0 robe
rNeg   + . .     SustAb   .     (no shield)
rPois  ∞         Gourm    .     (no helmet)
rElec  +         Spirit   .     (no cloak)
rCorr  .         Warding  .     k - -2 pair of gloves
rMut   .         Stasis   .     (no boots)
MR     .....                    (no amulet)
Stlth  ++........               (no ring)
                                (no ring)

@: not resistant to hostile enchantments, unstealthy
A: negative energy resistance 1, electricity resistance, unbreathing,
petrification resistance, rot immunity, AC +3
a: no special abilities


You were on level 3 of the Dungeon.
You were hungry.

You visited 1 branch of the dungeon, and saw 3 of its levels.

You collected 102 gold pieces.

Inventory:

Hand weapons
 i - a +2 vampiric short sword (weapon)
Missiles
 a - 73 stones (quivered)
Armour
 b - a +0 robe (worn)
 k - a -2 pair of gloves (worn)
Jewellery
 h - a +4 ring of evasion {unknown}
Scrolls
 e - 3 scrolls of enchant weapon {unknown}
 g - 3 scrolls of fear {unknown}
 j - a scroll of remove curse
 l - a scroll of immolation {unknown}
 m - a scroll of identify {unknown}
 r - a scroll of recharging {unknown}
Potions
 d - a potion of cure mutation {unknown}
 p - a potion of curing {unknown}
 s - a potion of magic {unknown}
Books
 c - a book of Geomancy

   Spells                             Type                      Level
   a - Sandblast                      Earth                        1
   b - Stoneskin                      Transmutation/Earth          2
   c - Passwall                       Transmutation/Earth          3
   d - Stone Arrow                    Conjuration/Earth            3
   e - Petrify                        Transmutation/Earth          4
   f - Lee's Rapid Deconstruction     Earth                        5
Comestibles
 f - 2 meat rations
 n - 3 bread rations
 q - 5 fruits


   Skills:
 + Level 2.1 Fighting
 - Level 1.5 Dodging
 - Level 2.1 Stealth
 * Level 3.3 Spellcasting
   Level 0.7 Transmutations
 * Level 4.4 Earth Magic


You had 8 spell levels left.
You knew the following spells:

 Your Spells              Type           Power        Failure   Level  Hunger
a - Sandblast             Erth           ###...       3%          1    None


Dungeon Overview and Level Annotations

Branches:
Dungeon (3/15)

Altars:
Gozag

Annotations:
D:3 Natasha


Innate Abilities, Weirdness & Mutations

You are resistant to torment.
Your stone body is resilient (AC +3).
You are immune to poison.
You resist negative energy.
You are resistant to electric shocks.
You can survive without breathing.
You are immune to petrification.
You are immune to rotting.


Message History

You barely miss Natasha.
Natasha mumbles some strange words.
You hit the iron imp.
The iron imp is lightly wounded.
Natasha claws you but does no damage.
You barely miss Natasha. The iron imp hits you! Natasha completely misses you.
You closely miss Natasha. The hobgoblin hits you.
Natasha stares at you and mumbles some strange words.
The magic dart hits you!
* * * LOW HITPOINT WARNING * * *
The iron imp hits you.
* * * LOW HITPOINT WARNING * * *
Read which item? (? for menu, Esc to quit)
As you read the scroll labeled XESATO LOTIKOA, it crumbles to dust.
You feel as if something is helping you.
It was a scroll of remove curse.
Natasha closely misses you. The hobgoblin hits you.
* * * LOW HITPOINT WARNING * * *
The iron imp hits you!
You die...

#########..##.# ...
...........##.##.#
.................#
####.....###...#.###♣≈
#.###.#....)......≈ ..
#.........##### #
#.#.......#
...###...#######.#
###.# #...5@h.....#
#.. ##....g....... #
#.....%.....
############


You could see an iron imp, Natasha and a hobgoblin.

Vanquished Creatures
  An adder (D:2)
  2 oozes
  3 worms
  An orc (D:3)
  3 giant cockroaches (D:2)
  9 goblins
  11 hobgoblins
  6 jackals (D:1)
  9 kobolds
  3 ball pythons
  3 giant geckos
  2 giant newts
  9 rats
62 creatures vanquished.

Notes
Turn   | Place    | Note
--------------------------------------------------------------
     0 | D:1      | oplop, the Gargoyle Earth Elementalist, began the quest for the Orb.
     0 | D:1      | Reached XP level 1. HP: 10/10 MP: 3/3
   103 | D:1      | Reached XP level 2. HP: 4/16 MP: 0/5
   440 | D:1      | Reached skill level 1 in Fighting
   493 | D:1      | Reached skill level 4 in Earth Magic
   513 | D:1      | Reached XP level 3. HP: 18/20 MP: 3/6
  1224 | D:2      | Reached XP level 4. HP: 16/25 MP: 8/8
  1431 | D:2      | Found an opulent altar of Gozag.
  2095 | D:3      | Noticed Natasha
  2102 | D:3      | Mangled by an iron imp

Action                   |  1- 3 |  4- 6 || total
-------------------------+-------+-------++-------
Melee: Unarmed           |    14 |       ||    14
       Short sword       |   111 |   111 ||   222
 Cast: Sandblast         |    27 |       ||    27
  Use: Scroll            |       |     1 ||     1
 Stab: Sleeping          |     1 |     2 ||     3
  Eat: Bread ration      |     1 |       ||     1
       Chunk             |     2 |     2 ||     4
